Cogmind - Beta 11.1 @@@ ROGUE MODE // 2022.04.24 @ 20:43:42 Player: Cracklepappy Result: Destroyed by 1C-UTU with 1C-UTU's Sword "Lootmaker" Performance ------------- Evolutions (1) 500 Regions Visited (6) 1200 Robots Destroyed (62) 310 Value Destroyed (1450) 1450 Prototype IDs (29) 580 Alien Tech Used (0) 0 Bonus (315) 315 TOTAL SCORE: 4355 Bonus ------- High Alert Combat Kills 15 Aligned with FarCom 300 Cogmind --------- Core Integrity 0/400 Matter 234/300 Energy 68/100 System Corruption 0% Temperature Cool (0) Movement Treading (480) Ox4 Location -8/Mines Parts ------- > --- POWER (1) -------- (None) > --- PROPULSION (3) --- Light Treads > --- UTILITY (3) ------ Huge Storage Unit Improved Targeting Computer > --- WEAPON (2) ------- Shotgun Spear > --- INVENTORY (25) --- Advanced Myomer Leg Advanced Myomer Leg Improved Heat Sink Huge Storage Unit Gravity Neutralizer Experimental Sensor Array Improved Terrain Scanner Seismic Detector Experimental Targeting Computer Shotgun Rocket Launcher Datajack Mining Laser Peak State ------------ > --- POWER ------------ (None) > --- PROPULSION ------- Light Treads Improved Treads Improved Treads > --- UTILITY ---------- Huge Storage Unit Hardened Heavy Armor Plating > --- WEAPON ----------- Assault Rifle Heavy Assault Rifle > --- INVENTORY -------- Light Treads Advanced Myomer Leg Advanced Myomer Leg Improved Heat Sink Huge Storage Unit Gravity Neutralizer Experimental Sensor Array Improved Terrain Scanner Seismic Detector Improved Targeting Computer Experimental Targeting Computer Light Assault Rifle Shotgun Shotgun Rocket Launcher Datajack Mining Laser Spear [Rating: 23] Favorites ----------- Power Ion Engine Engine Ion Engine Propulsion Light Treads Treads Light Treads Wheel Wheel Utility Huge Storage Unit Device Seismic Detector Storage Huge Storage Unit Processor Improved Targeting Computer Protection Light Armor Plating Weapon Assault Rifle Energy Cannon Advanced Beam Cannon Ballistic Gun Assault Rifle Launcher Rocket Launcher Piercing Weapon Spear Build | -11 -10 -10 -9 -9 -9 -8 ------- Run | Scr Mat Min Mat Min Exi Min Slots Evolved 2 | . . . 2 . . . Power . | . . . . . . . Propulsion 1 | . . . 1 . . . Utility 1 | . . . 1 . . . Weapon . | . . . . . . . Parts Attached 61 | 10 6 1 23 . 15 6 Power 6 | 1 1 . 3 . 1 . Engine 6 | 1 1 . 3 . 1 . Core . | . . . . . . . Reactor . | . . . . . . . Propulsion 15 | 2 2 . 6 . 4 1 Treads 14 | 2 2 . 5 . 4 1 Leg . | . . . . . . . Wheel 1 | . . . 1 . . . Hover . | . . . . . . . Flight . | . . . . . . . Utility 19 | 5 3 . 6 . 3 2 Device 5 | 3 . . 1 . 1 . Storage 4 | 2 2 . . . . . Processor 3 | . . . 2 . . 1 Hackware . | . . . . . . . Protection 7 | . 1 . 3 . 2 1 Artifact . | . . . . . . . Weapon 21 | 2 . 1 8 . 7 3 Energy Gun . | . . . . . . . Energy Cannon 1 | . . . 1 . . . Ballistic Gun 16 | 2 . 1 6 . 5 2 Ballistic Cannon . | . . . . . . . Launcher 2 | . . . 1 . 1 . Special Weapon . | . . . . . . . Impact Weapon . | . . . . . . . Slashing Weapon . | . . . . . . . Piercing Weapon 2 | . . . . . 1 1 Special Melee Weapon . | . . . . . . . Unidentified Prototypes 2 | . . . 1 . 1 . Parts Lost 28 | . 2 1 8 . 10 7 Power 4 | . 1 . 1 . 2 . Propulsion 11 | . 1 . 3 . 4 3 Utility 4 | . . . 2 . 1 1 Weapon 9 | . . 1 2 . 3 3 Highest Loss Streak 7 | . 1 1 2 . 6 7 To Critical Strikes 9 | . . . . . 8 1 Average Slot Usage (%) 99 | . 99 100 99 100 98 74 Engine 11 | . 14 14 11 11 9 . Treads 30 | . 27 28 31 33 33 30 Device 2 | . 9 . . . . . Storage 12 | . 14 14 11 11 11 11 Processor 4 | . . . 6 11 11 . Protection 11 | . 4 14 13 11 11 11 Ballistic Gun 24 | . 28 28 21 22 21 22 Naked Turns . | . . . . . . . Heaviest Build 106 | 14 91 91 95 95 106 105 Greatest Support 66 | 40 40 40 60 60 66 66 Greatest Overweight (x) 9 | . 2 2 9 1 1 1 Average Overweight (x) 1 | . . 2 2 1 1 1 Largest Inventory Capacity 25 | 8 25 25 25 25 25 25 Average Capacity 23 | 7 18 25 25 25 25 25 Most Carried 25 | 8 25 25 25 25 25 20 Average Carried 21 | 5 14 24 24 24 20 17 Final Capacity 25 | 8 25 25 25 25 25 25 Final Carried 25 | 8 25 24 25 25 20 13 Class Distribution -------------------- 60% | Mutant 39% | Scavenger-Mutant Dominant Class ---------------- Mutant | -10/Materials Mutant | -10/Mines Scavenger-Mutant | -9/Materials Scavenger-Mutant | -9/Mines Scavenger-Mutant | -9/Exiles Mutant | -8/Mines Resources | -11 -10 -10 -9 -9 -9 -8 ----------- Run | Scr Mat Min Mat Min Exi Min Matter Collected 2061 | 345 345 89 775 . 507 . Remotely 36 | 36 . . . . . . Salvage Created 2476 | 178 926 110 1140 . 122 . Parts 144 | 12 42 1 85 . 4 . Haulers Intercepted 5 | . 2 . 3 . . . Recyclers Shooed 8 | . 3 . 4 1 . . Parts Field Recycled . | . . . . . . . Retrieved Matter . | . . . . . . . Parts Self-Destructed . | . . . . . . . Prevented . | . . . . . . . Kills | -11 -10 -10 -9 -9 -9 -8 ------- Run | Scr Mat Min Mat Min Exi Min Combat Hostiles Destroyed 45 | . 13 2 26 . 4 . Guns 39 | . 13 2 22 . 2 . AOE 6 | . . . 4 . 2 . Classes Destroyed 10 | 2 4 . 3 . 1 . Tunneler 5 | 5 . . . . . . Hauler 5 | . 2 . 3 . . . Recycler 3 | 1 . . 2 . . . Operator 2 | . 1 . 1 . . . Watcher 5 | . 1 . 4 . . . Swarmer 11 | . . . 11 . . . Grunt 23 | . 13 2 8 . . . Duelist 1 | . . . 1 . . . Sentry 6 | . . . 6 . . . Assembled 3 | . . . . . 3 . Best Kill Streak 4 | 3 3 2 4 . 3 . Combat Bots Only 4 | . 3 2 4 . 3 . Max Kills in Single Turn 2 | 1 1 1 2 . 2 . Gunslinging 1 | . . . 1 . . . Exploded 2 | . . . 2 . 2 . Melee . | . . . . . . . Uniques/NPCs Destroyed 1 | . . . . . 1 . 8R-AWN (-9/Exiles) Combat | -11 -10 -10 -9 -9 -9 -8 -------- Run | Scr Mat Min Mat Min Exi Min Damage Taken 4964 | . 620 311 1209 . 1236 1588 Core 598 | . 99 71 148 . 117 163 Absorbed by Shields . | . . . . . . . Regen/Repaired (Parts) 115 | . 115 . . . . . Core Remaining (%) 66 | 100 . 32 . . . . Volleys Fired 267 | 16 69 11 98 . 66 7 Largest 2 | 2 2 2 2 . 2 2 Hottest 46 | 40 40 40 43 . 46 46 Shots Fired 521 | 29 138 22 191 . 127 14 Gun 514 | 29 138 22 187 . 124 14 Cannon . | . . . . . . . Launcher 7 | . . . 4 . 3 . Special . | . . . . . . . Kinetic 514 | 29 138 22 187 . 124 14 Thermal . | . . . . . . . Explosive 7 | . . . 4 . 3 . Electromagnetic . | . . . . . . . Robot Hit Streak 29 | 14 15 6 12 . 28 29 Robot Miss Streak 6 | 1 4 2 6 . 3 1 Penetration Max . | . . . . . . . Secondary Targets 6 | . 2 1 3 . . . Max Gunslinging Chain 1 | . 1 1 1 . . . Shots Hit Robots 365 | 22 96 13 124 . 97 13 Core Hits 132 | 10 41 6 53 . 21 1 Critical Kills 1 | . . 1 . . . . Critical Parts Destroyed 5 | . 1 . 4 . . . Critical Strikes 6 | . 1 1 4 . . . Destroy 6 | . 1 1 4 . . . Melee Attacks 1 | . . . . . 1 . Impact . | . . . . . . . Slashing . | . . . . . . . Piercing 1 | . . . . . 1 . Sneak Attacks . | . . . . . . . Combat Hostiles . | . . . . . . . Follow-up Attacks . | . . . . . . . Damage Inflicted 5181 | 228 1046 178 1928 9 1602 190 Guns 4572 | 228 1038 130 1563 . 1423 190 Cannons . | . . . . . . . Explosions 479 | . . . 300 . 179 . Melee . | . . . . . . . Ramming 130 | . 8 48 65 9 . . Kinetic 4572 | 228 1038 130 1563 . 1423 190 Thermal . | . . . . . . . Explosive 479 | . . . 300 . 179 . Electromagnetic . | . . . . . . . Impact . | . . . . . . . Slashing . | . . . . . . . Piercing . | . . . . . . . Highest Corruption 1 | . 1 1 . . . . Average Corruption 1 | . 1 1 . . . . Corruption Purged . | . . . . . . . Corruption Blocked . | . . . . . . . Effects 35 | . 9 26 . . . . Message Errors 9 | . 3 6 . . . . Matter Fused 8 | . 2 6 . . . . Heat Flow Errors 5 | . 2 3 . . . . Energy Discharges 3 | . 2 1 . . . . Data Loss (minor) 7 | . . 7 . . . . Data Loss (major) 1 | . . 1 . . . . Misfires 1 | . . 1 . . . . Alerts 1 | . . 1 . . . . Overload Shots . | . . . . . . . Overflow Damage 26 | . . . 10 . 16 . Projectiles . | . . . . . . . Explosions 26 | . . . 10 . 16 . Melee . | . . . . . . . Knockbacks 1 | . . . 1 . . . Impact 1 | . . . 1 . . . Kinetic . | . . . . . . . Secondary . | . . . . . . . Self-Inflicted Damage 22 | . . . 11 . 11 . Shots 2 | . . . 1 . 1 . Rammed 19 | . 5 4 9 1 . . Targets Rammed 23 | . 5 4 13 1 . . Kicked . | . . . . . . . Crushed 4 | . . . 4 . . . Highest Temperature 319 | . 263 315 319 . . 6 Average Temperature 78 | . 35 163 49 . . 4 Received Heat Transfer 936 | . 342 183 411 . . . Effects 1 | . . . 1 . . . Interference 1 | . . . 1 . . . Siege Activations . | . . . . . . . Robots Corrupted . | . . . . . . . Combat Hostiles . | . . . . . . . Parts Fried . | . . . . . . . Impact Corruptions . | . . . . . . . Robots Melted . | . . . . . . . Combat Hostiles . | . . . . . . . Parts Melted . | . . . . . . . Heat Transferred . | . . . . . . . Parts Sabotaged . | . . . . . . . Parts Stolen . | . . . . . . . Parts Stripped . | . . . . . . . Power Chain Reactions . | . . . . . . . Missiles Intercepted . | . . . . . . . Alert | -11 -10 -10 -9 -9 -9 -8 ------- Run | Scr Mat Min Mat Min Exi Min Peak Influence 494 | 30 211 55 494 174 . . Initial 174 | . 19 5 . 174 . . Average 98 | 17 93 8 183 150 . . Maximum Alert Level 2 | . 1 . 2 . . . Low Security (%) 88 | 100 99 100 66 100 . 100 Level 1 5 | . . . 14 . . . Level 2 6 | . . . 18 . . . Level 3 . | . . . . . . . Level 4 . | . . . . . . . Level 5 . | . . . . . . . High Security . | . . . . . . . Max Security . | . . . . . . . Squads Dispatched 8 | . 5 . 2 1 . . Investigation 4 | . 3 . . 1 . . Extermination . | . . . . . . . Reinforcement 4 | . 2 . 2 . . . Assault . | . . . . . . . Garrison . | . . . . . . . Intercept . | . . . . . . . Searches Triggered . | . . . . . . . Construction Impeded . | . . . . . . . Haulers Reinforced . | . . . . . . . Active Scanning Responses . | . . . . . . . Cargo Convoy Interrupts . | . . . . . . . Stealth | -11 -10 -10 -9 -9 -9 -8 --------- Run | Scr Mat Min Mat Min Exi Min Distress Signals 6 | . 1 . 5 . . . Communications Jammed . | . . . . . . . Distress Signals . | . . . . . . . Times Spotted 86 | . 26 2 49 . 8 1 Peak Tracking Total 9 | . 5 2 4 . 9 1 Tactical Retreats 4 | . 2 . 1 . 1 . Traps | -11 -10 -10 -9 -9 -9 -8 ------- Run | Scr Mat Min Mat Min Exi Min Traps Triggered 2 | . 2 . . . . . Indirectly . | . . . . . . . Trap Hack Attempts . | . . . . . . . Triggered . | . . . . . . . Disarmed . | . . . . . . . Reprogrammed . | . . . . . . . Reused . | . . . . . . . Traps Extracted . | . . . . . . . Installed . | . . . . . . . Triggered . | . . . . . . . Exploded 3 | . . . . . 3 . Machines | -11 -10 -10 -9 -9 -9 -8 ---------- Run | Scr Mat Min Mat Min Exi Min Machines Disabled 4 | . . . . . 4 . Max in Single Turn 2 | . . . . . 2 . Machines Sabotaged . | . . . . . . . Garrisons Compromised . | . . . . . . . Overloaded Fab Kills . | . . . . . . . Hacking | -11 -10 -10 -9 -9 -9 -8 --------- Run | Scr Mat Min Mat Min Exi Min Machines Accessed 19 | . 8 . 8 1 2 . Terminals 11 | . 5 . 6 . . . Fabricators . | . . . . . . . Repair Stations 3 | . 1 . 2 . . . Recycling Units 2 | . 2 . . . . . Scanalyzers . | . . . . . . . Garrison Access . | . . . . . . . Total Hacks 42 | . 19 . 20 1 2 . Successful 23 | . 10 . 10 1 2 . Failed 18 | . 8 . 10 . . . Catastrophic 1 | . . . 1 . . . Database Lockouts 1 | . 1 . . . . . Manual 17 | . 9 . 7 . 1 . Terminals 31 | . 15 . 16 . . . Fabricators . | . . . . . . . Repair Stations 6 | . 2 . 4 . . . Recycling Units 2 | . 2 . . . . . Scanalyzers . | . . . . . . . Garrison Access . | . . . . . . . Terminal Hacks 15 | . 5 . 7 1 2 . Record 1 | . . . . . 1 . Part Schematic 2 | . 1 . 1 . . . Prototype ID Bank 3 | . 2 . 1 . . . Open Door 1 | . . . . 1 . . Unreport Threat 1 | . 1 . . . . . Locate Traps 3 | . 1 . 2 . . . Hauler Manifests 3 | . . . 3 . . . EX-Prototype ID Bank 1 | . . . . . 1 . Fabricator Hacks . | . . . . . . . Repair Station Hacks 3 | . 2 . 1 . . . Scan Component 2 | . 1 . 1 . . . Repair 1 | . 1 . . . . . Recycling Unit Hacks . | . . . . . . . Scanalyzer . | . . . . . . . Garrison Access Hacks . | . . . . . . . Unauthorized Hacks 5 | . 3 . 2 . . . Terminals 3 | . 1 . 2 . . . Track 2 | . . . 2 . . . Assimilate 1 | . 1 . . . . . Fabricators . | . . . . . . . Repair Stations . | . . . . . . . Recycling Units 2 | . 2 . . . . . Tunnel 2 | . 2 . . . . . Scanalyzers . | . . . . . . . Garrison Access . | . . . . . . . Data Cores Recovered 1 | . . . 1 . . . Used . | . . . . . . . Hacking Detections 13 | . 6 . 7 . . . Full Trace Events . | . . . . . . . Feedback Events . | . . . . . . . Feedback Blocked . | . . . . . . . Robot Schematics Acquired . | . . . . . . . Robots Built . | . . . . . . . Authchips . | . . . . . . . Time . | . . . . . . . Total Robot Build Rating . | . . . . . . . Part Schematics Acquired 2 | . 1 . 1 . . . Parts Built . | . . . . . . . Authchips . | . . . . . . . Time . | . . . . . . . Total Part Build Rating . | . . . . . . . Parts Repaired 1 | . 1 . . . . . Time 26 | . 26 . . . . . Parts Recycled . | . . . . . . . Recycled Matter . | . . . . . . . Retrieved Matter . | . . . . . . . Retrieved Components . | . . . . . . . Parts Scanalyzed . | . . . . . . . Part Schematics Acquired . | . . . . . . . Parts Damaged . | . . . . . . . Bothacking | -11 -10 -10 -9 -9 -9 -8 ------------ Run | Scr Mat Min Mat Min Exi Min Used RIF Installer . | . . . . . . . Robots Hacked . | . . . . . . . Non-combat . | . . . . . . . Combat . | . . . . . . . Robot Hacks Applied . | . . . . . . . Relay Couplers Released . | . . . . . . . Fabnet Peak Effective % . | . . . . . . . Robots Rewired . | . . . . . . . Allies Hacked . | . . . . . . . Hacks Repelled . | . . . . . . . Allies | -11 -10 -10 -9 -9 -9 -8 -------- Run | Scr Mat Min Mat Min Exi Min Total Allies . | . . . . . . . Largest Group . | . . . . . . . Highest-Rated Group . | . . . . . . . Highest-Rated Ally . | . . . . . . . Total Orders . | . . . . . . . Ally Attacks . | . . . . . . . Total Damage . | . . . . . . . Kills . | . . . . . . . Allies Corrupted . | . . . . . . . Allies Melted . | . . . . . . . Intel | -11 -10 -10 -9 -9 -9 -8 ------- Run | Scr Mat Min Mat Min Exi Min Robot Analysis Total . | . . . . . . . Derelict Logs Recovered 4 | . . 2 . 2 . . Drone Launches . | . . . . . . . Drone Recoveries . | . . . . . . . Exploration | -11 -10 -10 -9 -9 -9 -8 ------------- Run | Scr Mat Min Mat Min Exi Min Turns Passed 9976 | 269 1967 2298 2638 461 2288 55 Spaces Moved 3373 | 129 662 660 883 186 842 11 Core 4 | 4 . . . . . . Treads 3257 | 125 662 660 771 186 842 11 Legs . | . . . . . . . Wheels 112 | . . . 112 . . . Hover . | . . . . . . . Flight . | . . . . . . . Fastest Speed 50 | 50 160 320 215 240 240 240 Average Speed 250 | 156 234 320 237 240 240 240 Slowest Speed 320 | 160 320 320 320 240 240 240 Overloaded Moves . | . . . . . . . Propulsion Burnouts . | . . . . . . . Robots Hopped . | . . . . . . . Cave-ins Triggered . | . . . . . . . Exploration Rate (%) 57 | 5 96 99 84 41 71 9 Regions Visited 6 Branch Regions 4 Pre-discovered Areas 5 | . 2 1 . 1 1 . Known Exits Taken . | . . . . . . . Unknown Exits Taken 6 | 1 1 1 1 1 1 . Scrap Searched 2 | . . 1 . 1 . . Spaces Dug 18 | . . . 18 . . . Terrain Destroyed 47 | . . . 28 . 19 . Melee . | . . . . . . . Projectile . | . . . . . . . AOE 47 | . . . 28 . 19 . Terrain Rammed . | . . . . . . . Walls Destroyed . | . . . . . . . Machines Disabled . | . . . . . . . Actions | -11 -10 -10 -9 -9 -9 -8 --------- Run | Scr Mat Min Mat Min Exi Min Total 4398 | 168 963 820 1232 203 985 27 Wait 524 | . 184 140 157 8 34 1 Move 3367 | 128 661 659 882 185 841 11 Hop . | . . . . . . . Pick Up 87 | 10 26 . 31 4 16 . Fast Attach 14 | 8 2 . 4 . . . Attach 30 | 1 2 1 11 . 9 6 Detach 2 | 1 1 . . . . . Swap 17 | 1 2 . 8 . 6 . Drop 60 | 3 10 . 28 5 12 2 Fire 267 | 16 69 11 98 . 66 7 Melee 1 | . . . . . 1 . Ram . | . . . . . . . Kick . | . . . . . . . Crush 23 | . 5 4 13 1 . . Escape Stasis . | . . . . . . . Rewire 6 | . 1 5 . . . . Trap . | . . . . . . . Miscellaneous . | . . . . . . . Route ------- -11/Scrapyard -10/Materials (discovered 5 exits: *Mat x3 / [*Min x2]) -10/Mines (discovered 2 exits: *Mat x2) -9/Materials (discovered 4 exits: [*Mat x3] / *Min) -9/Mines (discovered 3 exits: [*Mat x2] / *Exi) -9/Exiles -8/Mines History --------- Turn | Location | Event 26 | -11/Scrapyard | Discovered new exit (range 16) 270 | -11/Scrapyard | Entered Materials 270 | -10/Materials | Discovered new exit (range 7) 322 | -10/Materials | Build established: Mutant 591 | -10/Materials | Discovered new exit (range 16) 936 | -10/Materials | Discovered new exit (range 14) 1532 | -10/Materials | Discovered new exit (range 4) 1685 | -10/Materials | Repaired Lgt. Treads 1901 | -10/Materials | Central database locked down 1929 | -10/Materials | Discovered new exit (range 10) 2237 | -10/Materials | Entered Mines 2248 | -10/Mines | Core integrity fell below 50% 2636 | -10/Mines | Learned Materials trap positions 3616 | -10/Mines | Discovered new exit (range 13) 4036 | -10/Mines | Discovered new exit (range 6) 4276 | -10/Mines | Learned 2 Materials zone layouts 4535 | -10/Mines | Entered Materials 4535 | -9/Materials | Evolved 2 slots: Propulsion x1, Utility x1 4537 | -9/Materials | Loaded intel: 9 trap records 4696 | -9/Materials | Discovered new exit (range 11) 4863 | -9/Materials | Discovered new exit (range 4) 5930 | -9/Materials | Discovered new exit (range 3) 5963 | -9/Materials | Build established: Scavenger-Mutant 6524 | -9/Materials | Discovered new exit (range 9) 7173 | -9/Materials | Entered Mines 7205 | -9/Mines | Found a damaged Exp. Sensor Array with a note attached 7210 | -9/Mines | Found Prototype Device 7233 | -9/Mines | Learned location of 1 exit from Proximity Caves 7373 | -9/Mines | Met a Derelict shopkeep closing up shop 7517 | -9/Mines | Discovered new exit (range 7) 7543 | -9/Mines | Discovered new exit (range 11) 7625 | -9/Mines | Deemed a non-threat by the Exiles lab entrance 7625 | -9/Mines | Discovered new exit (range 5) 7634 | -9/Mines | Entered Exiles 7699 | -9/Exiles | Met 8R-AWN 7740 | -9/Exiles | Met EX-HEX 7855 | -9/Exiles | Met EX-DEC 7908 | -9/Exiles | Learned location of Zion (-7) 8038 | -9/Exiles | Discovered new exit (range 14) 8719 | -9/Exiles | Met EX-BIN 9125 | -9/Exiles | Aligned with FarCom system 9127 | -9/Exiles | Given EX-Vault access code 9182 | -9/Exiles | Opened EX-Vault 9240 | -9/Exiles | Warned to stay clear of 0b10 Research branches 9396 | -9/Exiles | Attacked by the Exiles 9515 | -9/Exiles | Core integrity fell below 50% 9556 | -9/Exiles | Lost 4 parts (1p2n1u) 9673 | -9/Exiles | Destroyed 8R-AWN 9681 | -9/Exiles | Lost 6 parts (1p2n3w) 9692 | -9/Exiles | Found Prototype Processor 9896 | -9/Exiles | Build established: Mutant 9922 | -9/Exiles | Entered Mines 9951 | -8/Mines | 1C-UTU came to Exiles' defense 9977 | -8/Mines | Core integrity fell below 20% 9977 | -8/Mines | Destroyed by 1C-UTU with 1C-UTU's Sword "Lootmaker" Last Messages --------------- 09922_ Dropped Med. Reactive Plating. 09923_ Discarded Imp. Targeting Computer. 09951_ 1C-UTU: "I came as fast as I could... Wait, it was you!" 09956_ 1C-UTU follow-up attacks with Prototype Slashing Weapon. 09956_ Assault Rifle destroyed. 09957_ 1C-UTU follow-up attacks with Prototype Slashing Weapon. 09962_ Lgt. Assault Rifle destroyed. 09969_ 1C-UTU follow-up attacks with Prototype Slashing Weapon. 09969_ Imp. Treads destroyed. 09971_ Critical hit (Destroy). 09971_ Imp. Treads destroyed. 09971_ 1C-UTU follow-up attacks with Prototype Slashing Weapon. 09972_ K-01 Serf collects debris. 09973_ 1C-UTU follow-up attacks with Prototype Slashing Weapon. 09974_ Lgt. Treads destroyed. 09975_ Hrd. Heavy Armor Plating destroyed. 09976_ Hvy. Assault Rifle destroyed. 09976_ 1C-UTU follow-up attacks with Prototype Slashing Weapon. 09976_ K-01 Serf collects debris. 09977_ 1C-UTU follow-up attacks with Prototype Slashing Weapon. Map ----- +----------------------------------------------------+ | ??????????????????????????????????? | | ??????????????????????????????????? | | ??????????????????????????????????? | | ??????????????????????????????????? | | ??????????????????????????????????? | | ??????????????????????????????????? | | ??????????????????????????????????? | | ??????????????????????????????????? | | ??????????????????????????????????? | | ???????????????????###????????????? | | ??????????????????? ????????????? | | ???????????????????# #????????????? | | ???????????????????# #????????????? | | ???????????????????# ###??????????? | | ??????????????????## ##?????????? | | ???????????# ### ## ##????????? | | ???????????# ! ####?????? | | ???????????# #?????? | | ???????????###### ### #?????? | | ????????????????# ##?## #?????? | | ????????????????# #???## ##?????? | | ????????????????###???##ku #??????? | | ?????????????????????## #??????? | | ????????????????????## ##??????? | | ????????????????????# l#???????? | | ????????????????????# @#???????? | | ????????????????????# #???????? | | ????????????????????## #???????? | | ?????????????????????# #???????? | | ????????????????????#t #???????? | | ??????????????????? ???????? | | ?????????????????? ???????? | | ????????????????? ???????? | | ???????????????? ???????? | | ???????????????# ### ## ???????? | | ???????????????# ??## #??#???????? | | ????????????????????###???????????? | | ??????????????????????????????????? | | ??????????????????????????????????? | | ??????????????????????????????????? | | ??????????????????????????????????? | | ??????????????????????????????????? | | ??????????????????????????????????? | | ??????????????????????????????????? | | ??????????????????????????????????? | | ??????????????????????????????????? | | ??????????????????????????????????? | | ??????????????????????????????????? | | ??????????????????????????????????? | | ??????????????????????????????????? | +----------------------------------------------------+ Best States ------------- Heat Dissipation 28 Energy Generation 12 Energy Capacity 265 Matter Stores 300 Matter Capacity 300 Sight Range 16 Terrain Scan Density 10 Armor Coverage 600 Resistance: KI 30 Evasion (%) 40 Targeting Accuracy 11 Recoil Reduction 3 Item Schematics ----------------- Cargo Storage Unit | -10/Materials | Hacked Huge Storage Unit | -9/Materials | Hacked Robot Schematics ------------------ None Fabricated ------------ Nothing Alien Tech Used ----------------- None Achievements -------------- None Challenges ------------ None Game ------ Seed ProtonImpactTorch Manual? 0 Play Time 00:41:35 Cumulative 309.1 hours Start 2022.04.24 @ 20:00:15 End 2022.04.24 @ 20:43:42 Sessions 1 Manual Loads 0 Difficulty Rogue Special Mode None Game No. 315 Rogue 315 Adventurer 0 Explorer 0 Win Type - Total 4 Types 4/0/0/0/0/0/0/0/0 Lore% 62 Gallery% 76 Achievement% 63 Wizard Run 0 Options --------- ASCII 0 Keyboard 0 Movement Numpad Keybinds 0 Fullscreen 2 Font 24/Terminus Map View 76x50 Tactical HUD 1 Map Filters NONE Filters NONE Steam 1 RUN: 8ed84c87-1ca6-4d58-84f6-d2b2484e833a